 Dungeon Crawl Stone Soup version 0.30.1-11-g7821555f0a (webtiles) character file.

Game seed: 5165348591866900738

133 SacredBeard the Grave Robber (level 4, -1/33 HPs)
             Began as a Demonspawn Necromancer on Nov 18, 2023.
             Slain by a gnoll
             ... wielding a +0 flail
              (10 damage)
             ... on level 3 of the Dungeon.
             The game lasted 00:05:02 (2036 turns).

SacredBeard the Grave Robber (DsNe)                 Turns: 2036, Time: 00:05:02

Health: -1/33      AC:  5    Str:  9    XL:     4   Next: 93%
Magic:  3/7        EV: 12    Int: 16    God:
Gold:   67         SH:  0    Dex: 15    Spells: 6/7 levels left

rFire   . . .        k - +1 dagger (speed)
rCold   . . .        (no shield)
rNeg    . . .        a - +0 robe
rPois   .            (no helmet)
rElec   .            j - +0 cloak
rCorr   .            (no gloves)
SInv    .            (no boots)
Will    .....        (no amulet)
Stlth   ++           (no ring)
HPRegen 0.25/turn    (no ring)
MPRegen 0.10/turn

%: no passive effects
@: no status effects
A: slimy green scales 1, ignite blood 1, demonic touch 1
a: no special abilities


You were on level 3 of the Dungeon.
You visited 1 branch of the dungeon, and saw 3 of its levels.

You collected 93 gold pieces.
You spent 26 gold pieces at shops.

Inventory:

Hand Weapons
 k - a +1 dagger of speed (weapon)
 m - the +6 shillelagh "Devastator" {shatter}
   (You found it on level 2 of the Dungeon)
Missiles
 c - 2 boomerangs
 d - 19 stones
Armour
 a - a +0 robe (worn)
 j - a +0 cloak (worn)
Scrolls
 e - a scroll of fog {unknown}
 f - 3 scrolls of identify
 i - a scroll of teleportation {unknown}
 l - a scroll of summoning {unknown}
 o - a scroll of fear {unknown}
Potions
 g - a potion of heal wounds
 h - a potion of curing {unknown}
 n - a potion of mutation {unknown}


   Skills:
 + Level 1.7 Fighting
 + Level 1.5 Armour
 - Level 2.0 Dodging
 + Level 2.6 Stealth
 - Level 2.0 Spellcasting
 * Level 5.5 Necromancy


You had 6 spell levels left.
You knew the following spells:

 Your Spells              Type           Power      Damage    Failure   Level
a - Necrotise             Necr           76%        1d7       2%          1

Your spell library contained the following spells:

 Spells                   Type           Power      Damage    Failure   Level
 Vampiric Draining        Necr           19%        2d7       6%          3
 Apportation              Tloc           2%         N/A       21%         1
 Animate Dead             Necr           19%        N/A       22%         4
 Agony                    Necr           19%        N/A       52%         5
 Alistair's Intoxication  Tmut/Pois      0%         N/A       99%         5
 Borgnjor's Revivificati  Necr           9%         N/A       100%        8
 Necromutation            Tmut/Necr      5%         N/A       100%        8
 Death's Door             Necr           9%         N/A       100%        9


Dungeon Overview and Level Annotations

Branches:
Dungeon (3/15) Zot: 15968

Altars:
Cheibriados
Trog

Shops:
D:2 ?


Innate Abilities, Weirdness & Mutations

You are partially covered in slimy green scales. (AC +2)
Your demonic aura sometimes causes spilled blood to erupt in flames.
Your touch may inflict minor irresistible damage on your foes.


Message History

The gnoll hits you with a +0 flail of pain.
You writhe in agony.
The gnoll hits you with a +0 flail.
You are too injured to fight recklessly!
You are too injured to fight recklessly!
You are too injured to fight recklessly!
You are too injured to fight recklessly!
You are too injured to fight recklessly!
Casting: Necrotise (safe; 2% risk of failure)
Confirm with . or Enter, or press ? or * to list all spells.
Aiming: Necrotise (safe; 2% risk of failure)
Press: ? - help, Shift-Dir - straight line, f/p - gnoll
Aim: a gnoll, wielding a +0 flail of pain (moderately wounded, ally target, chance to affect: 84%)
The gnoll writhes in agony.
Your gnoll skeleton barely misses the gnoll.
The gnoll hits you but does no damage. The gnoll hits you with a +0 flail.
The gnoll hits you with a +0 flail!
* * * LOW HITPOINT WARNING * * *
Casting: Necrotise (safe; 2% risk of failure)
Confirm with . or Enter, or press ? or * to list all spells.
Aiming: Necrotise (safe; 2% risk of failure)
Press: ? - help, Shift-Dir - straight line, f/p - gnoll
Aim: a gnoll, wielding a +0 flail of pain (moderately wounded, ally target, chance to affect: 84%)
The gnoll writhes in agony!
Your gnoll skeleton hits the gnoll.
The gnoll dies!
The gnoll closely misses you. The gnoll misses you.
Casting: Necrotise (safe; 2% risk of failure)
Confirm with . or Enter, or press ? or * to list all spells.
Aiming: Necrotise (safe; 2% risk of failure)
Press: ? - help, Shift-Dir - straight line, f - gnoll
Aim: a gnoll, wielding a +0 flail (chance to affect: 84%)
The gnoll barely resists.
The gnoll closely misses you.
Your gnoll skeleton barely misses the gnoll.
The gnoll barely misses you.
Casting: Necrotise (safe; 2% risk of failure)
Confirm with . or Enter, or press ? or * to list all spells.
Aiming: Necrotise (safe; 2% risk of failure)
Press: ? - help, Shift-Dir - straight line, f/p - gnoll
Aim: a gnoll, wielding a +0 flail (ally target, chance to affect: 84%)
The gnoll writhes in agony.
The gnoll hits you with a +0 flail!
You die...

........##............#
######..#.#..........#
#...#.##......##
######....##.#....#.#
..........#.#.#..#.# .
...........#.##..##.#...
###^........##....##....
##.#....................
#....#..........@)......
#..#........##.ggg##....
#.#..<.....# ##Z.## #...
####.#..[.#.# #..# #..
.###.#....# .... ..
.#.#.#...#.# ....$
##......#.#.......
#..#.#..##.........
#.##.#.#......


You could see 2 gnolls, a goblin and a friendly gnoll skeleton.

Vanquished Creatures
  Jessica (D:2)
  A gnoll (D:3)
  6 adders
  A dart slug (D:1)
  3 ball pythons
  2 bats (D:2)
  3 endoplasms (D:1)
  A giant cockroach (D:2)
  2 hobgoblins
  3 kobolds (D:1)
  3 frilled lizards
  5 goblins
  6 rats
37 creatures vanquished.

Vanquished Creatures (collateral kills)
  A gnoll (D:3)
  A goblin (D:1)
2 creatures vanquished.

Grand Total: 39 creatures vanquished

Notes
Turn   | Place    | Note
-------+----------+-------------------------------------------
     0 | D:1      | SacredBeard the Demonspawn Necromancer began the quest for
                  | the Orb.
     0 | D:1      | Reached XP level 1. HP: 13/13 MP: 3/3
   342 | D:1      | Gained mutation: You are partially covered in slimy green
                  | scales. (AC +2) [demonic ancestry]
   342 | D:1      | Reached XP level 2. HP: 20/20 MP: 1/5
   524 | D:1      | Found a faded altar of an unknown god.
  1098 | D:2      | Gained mutation: Your touch may inflict minor irresistible
                  | damage on your foes. [demonic ancestry]
  1098 | D:2      | Reached XP level 3. HP: 23/25 MP: 0/6
  1197 | D:2      | Found Oluum's Magic Scroll Shop.
  1208 | D:2      | Bought a scroll of identify for 26 gold pieces
  1412 | D:2      | Found the +6 shillelagh "Devastator" {shatter}
  1416 | D:2      | Reached skill level 1 in Fighting
  1420 | D:2      | Reached skill level 5 in Necromancy
  1511 | D:2      | Reached skill level 1 in Armour
  1570 | D:2      | Noticed Jessica
  1573 | D:2      | Killed Jessica
  1574 | D:2      | Gained mutation: Your demonic aura sometimes causes spilled
                  | blood to erupt in flames. [demonic ancestry]
  1574 | D:2      | Reached XP level 4. HP: 8/32 MP: 3/7
  1898 | D:3      | Found a snail-covered altar of Cheibriados.
  1898 | D:3      | Found a bloodstained altar of Trog.
  2036 | D:3      | Slain by a gnoll

Illustrated notes

Levels and vault maps discovered:
D:1:      onia_arrival_pyramid, layout_basic, shapermc_ecumenical_altar_petra,
          minmay_misc_feat_roman
D:2:      layout_rooms, serial_shops, nicolae_shop_statue_plus,
          minmay_misc_feat_hallway, minmay_misc_feat_room, wad_floor_pattern_2,
          corexii_leaking_fountain, grunt_decor_fettered, hangedman_decor_push,
          st_stairs_11, uniq_jessica
D:3:      gammafunk_wand_slinger, layout_loops_ring,
          nicolae_hepliaklqana_monster_ancestors,
          mainiacjoe_overflow_small_starburst, lemuel_crystal_altar,
          gammafunk_temple_overflow_pools, minmay_misc_feat_secret_circle

Skill      XL: |  1  2  3 |
---------------+----------+-----
Stealth        | 2 |  2.6
Dodging        | 2 |  2.0
Fighting       | 1 |  1.7
Necromancy     | 5 |  5.5
Armour         | 1 |  1.5
Spellcasting   | |  2.0

Action                     |  1- 3 |  4- 6 || total
---------------------------+-------+-------++-------
  Melee: Dagger            |    11 |     3 ||    14
         Unarmed           |     1 |       ||     1
   Cast: Necrotise         |    45 |    28 ||    73
    Use: Scroll            |     1 |       ||     1
         Potion            |       |     1 ||     1
 Armour: Robe              |     5 |     5 ||    10
  Dodge: Dodged            |     9 |    15 ||    24
